 Dungeon Crawl Stone Soup version 0.30.1-11-g7821555f0a (webtiles) character file.

Game seed: 10074801151399802126

109 comborobin the Sneak (level 4, -3/37 HPs)
             Began as a Demigod Delver on Dec 16, 2023.
             Slain by a goblin
             ... wielding a +0 club
             ... led by Robin
              (6 damage)
             ... on level 3 of the Dungeon.
             The game lasted 00:02:34 (1077 turns).

comborobin the Sneak (Demigod Delver)               Turns: 1077, Time: 00:02:35

Health: -3/37      AC:  3    Str: 17    XL:     4   Next: 34%
Magic:  6/6        EV: 12    Int: 12    God:
Gold:   20         SH:  0    Dex: 15    Spells: 3/3 levels left

rFire   . . .        a - +0 mace
rCold   . . .        (no shield)
rNeg    . . .        b - +0 leather armour
rPois   .            (no helmet)
rElec   .            (no cloak)
rCorr   .            (no gloves)
SInv    .            (no boots)
Will    .....        (no amulet)
Stlth   +++          (no ring)
HPRegen 0.26/turn    (no ring)
MPRegen 0.10/turn

%: no passive effects
@: no status effects
A: high MP 1, forlorn, divine attributes
a: no special abilities


You were on level 3 of the Dungeon.
You visited 1 branch of the dungeon, and saw 3 of its levels.

You collected 20 gold pieces.

Inventory:

Hand Weapons
 a - a +0 mace (weapon)
 f - a +0 long sword
 j - a +0 quarterstaff
Armour
 b - a +0 leather armour (worn)
Wands
 g - a wand of digging (1)
Scrolls
 c - a scroll of fog
 m - a scroll of enchant armour


   Skills:
 - Level 2.6 Fighting
 + Level 4.4 Maces & Flails
 - Level 1.7 Dodging
 - Level 4.5 Stealth


You had 3 spell levels left.
You didn't know any spells.
Your spell library was empty.

Dungeon Overview and Level Annotations

Branches:
Dungeon (5/15)
 Temple: D:4-7

Annotations:
D:3 Robin


Innate Abilities, Weirdness & Mutations

You have an increased reservoir of magic. (+10% MP)
You shall have no god before yourself.
Your divine heritage dramatically boosts your attributes as you level up.


Message History

You hear a shout!
There are monsters nearby!
The goblin shouts!
You hear a shout! x2; The hobgoblin shouts!
The goblin shouts!
You hit Robin.
Robin is moderately wounded.
Robin zaps a wand.
The bolt of dispelling energy misses you.
A hobgoblin comes into view.
Robin zaps a wand.
The bolt of dispelling energy hits you!
The hobgoblin moves out of view.
You aren't carrying any potions.
You hit Robin but do no damage.
Robin is moderately wounded.
Robin roars a battlecry!
The goblins go into a battle-frenzy!
You closely miss Robin.
Robin is moderately wounded.
Robin throws the goblin at you!
You closely miss Robin.
Robin is moderately wounded.
The goblin completely misses you.
Robin zaps a wand.
The bolt of dispelling energy hits you!
The bolt of dispelling energy hits the goblin!
The goblin dies!
You barely miss Robin.
Robin is moderately wounded.
Robin roars a battlecry!
The hobgoblin goes into a battle-frenzy!
You hit Robin but do no damage.
Robin is moderately wounded.
Robin throws the goblin at you! The goblin hits you with a +0 club.
You hit Robin.
Robin is heavily wounded.
Robin hits you with a +0 club.
* * * LOW HITPOINT WARNING * * *
The goblin hits you with a +0 club.
* * * LOW HITPOINT WARNING * * *
The goblin hits you with a +0 club.
You die...

,,,*,***,,**,#gg,**#..........###
,,,,,,,,,,,,..................'..
,,,**,**,,*#g....###..........###
*,,**,**,,*#.#...# #.#.......##
**,**,**,,*#.#.#g#*#.##.....##
*,,,,,,,,**,,,ggg,..###...##
**,*,*,*,,,,,,#g##### ##+##
*,,,*,*******#g# #.# *,,**,* #@#
#.##### **,,,** #g# ######.#...#
*,*** #.# #........#.# *<*
#.###.##.......# * *,*
#.....###...#.## # ****,*
########....####*# ,,,,,*
###'##♣~~## ****** *#~~♣#*♣g' *
#~♣♣~♣#♣~#


You could see Robin, a hobgoblin (strong) and 5 goblins.

Vanquished Creatures
  Jessica (D:3)
  Natasha (D:3)
  4 adders (D:3)
  A worm (D:3)
  3 endoplasms
  2 giant cockroaches
  2 goblins (D:3)
  3 hobgoblins (D:3)
  2 ball pythons
  2 bats (D:3)
  2 rats (D:3)
23 creatures vanquished.

Vanquished Creatures (others)
  A goblin (D:3)
1 creature vanquished.

Grand Total: 24 creatures vanquished

Notes
Turn   | Place    | Note
-------+----------+-------------------------------------------
     0 | D:5      | comborobin the Demigod Delver began the quest for the Orb.
     0 | D:5      | Reached XP level 1. HP: 18/18 MP: 3/3
    58 | D:5      | Noticed an iguana
    94 | D:4      | Noticed a hound
    96 | D:4      | Noticed an orc wizard
    97 | D:4      | Noticed an orc wizard
   268 | D:4      | Noticed an ogre
   525 | D:3      | Noticed Jessica
   532 | D:3      | Killed Jessica
   533 | D:3      | Reached XP level 2. HP: 11/25 MP: 4/4
   538 | D:3      | Reached XP level 3. HP: 15/30 MP: 5/5
   821 | D:3      | Noticed Natasha
   828 | D:3      | Noticed Robin
   831 | D:3      | Killed Natasha
   832 | D:3      | Reached XP level 4. HP: 12/37 MP: 6/6
   861 | D:3      | HP: 1/37 [endoplasm (3)]
  1077 | D:3      | Slain by a goblin

Illustrated notes

Levels and vault maps discovered:
D:3:      layout_loops_corners, trog_book, saegor_snake_ambush, uniq_sigmund,
          uniq_robin, uniq_grinder, uniq_jessica, uniq_natasha
D:4:      layout_basic, eat_drink_and_be_merry_uskayaw, ebering_ghost_sewer_d,
          uniq_blork_the_orc, uniq_ijyb, uniq_eustachio, uniq_edmund
D:5:      layout_basic, jmf_multi_god_temple2, mainiacjoe_overflow_boulevard,
          old_standard_altar, overflow_temple_1_default

Skill      XL: |  1  2  3 |
---------------+----------+-----
Maces & Flails | 3 4 |  4.4
Fighting       | |  2.6
Dodging        | |  1.7
Stealth        | |  4.5

Action                     |  1- 3 |  4- 6 || total
---------------------------+-------+-------++-------
  Melee: Mace              |    48 |     9 ||    57
         Punch             |     1 |       ||     1
  Evoke: Wand              |     4 |     4 ||     8
    Use: Potion            |     3 |       ||     3
         Scroll            |       |     5 ||     5
   Stab: Sleeping          |     3 |     1 ||     4
         Distracted        |     1 |       ||     1
 Armour: Leather armour    |    24 |     7 ||    31
  Dodge: Dodged            |    49 |    20 ||    69
